 Dungeon Crawl Stone Soup version 0.30-a0-394-g3e4acdb0ae (webtiles) character file.

Game seed: 15895527445132727127

26 p00ps00p the Trooper (level 3, -1/33 HPs)
             Began as a Hill Orc Fighter on Dec 6, 2022.
             Slain by Jessica
             ... wielding a +5 dagger of venom
              (5 damage)
             ... on level 2 of the Dungeon.
             The game lasted 00:01:34 (926 turns).

p00ps00p the Trooper (Hill Orc Fighter)              Turns: 926, Time: 00:01:34

Health: -1/33      AC: 10    Str: 20    XL:     3   Next: 8%
Magic:  3/3        EV:  7    Int:  8    God:
Gold:   42         SH:  4    Dex: 10    Spells: 2/2 levels left

rFire   . . .      SeeInvis .    a - +0 war axe
rCold   . . .      Faith    .    c - +0 buckler
rNeg    . . .      Spirit   .    f - +0 chain mail
rPois   .          Reflect  .    (no helmet)
rElec   .          Harm     .    (no cloak)
rCorr   .          Rampage  .    g - +0 pair of gloves
Will    .....                    (no boots)
Stlth   ..........               (no amulet)
HPRegen 0.25/turn                (no ring)
MPRegen 0.08/turn                (no ring)

@: mighty, lethally poisoned (-1 -> -13)
A: no striking features
a: no special abilities


You were on level 2 of the Dungeon.
You visited 1 branch of the dungeon, and saw 2 of its levels.

You collected 42 gold pieces.

Inventory:

Hand Weapons
 a - a +0 war axe (weapon)
Armour
 b - a +0 scale mail
 c - a +0 buckler (worn)
 f - a +0 chain mail (worn)
 g - a +0 pair of gloves (worn)
Scrolls
 h - a scroll of identify
 i - a scroll of immolation


   Skills:
 + Level 4.0 Fighting
 + Level 3.3 Axes
 + Level 3.6 Armour
 + Level 3.6 Shields


You had 2 spell levels left.
You didn't know any spells.
Your spell library contained the following spells:

 Spells                   Type           Power      Damage    Failure   Level
 Summon Small Mammal      Summ           0%         N/A       99%         1
 Sublimation of Blood     Necr           0%         N/A       100%        2
 Wereblood                Tmut           0%         N/A       100%        2
 Call Canine Familiar     Summ           0%         N/A       100%        3
 Summon Guardian Golem    Hex/Summ       0%         N/A       100%        3
 Summon Hydra             Summ           0%         N/A       100%        7


Dungeon Overview and Level Annotations

Branches:
Dungeon (2/15)

Altars:

Annotations:
D:2 Jessica


Message History

There is a stone staircase leading up here.
As you read the scroll labelled ECEB BUYS NEO, it crumbles to dust.
It is a scroll of amnesia.
You feel forgetful for a moment.
As you read the scroll labelled RAEDE WOLIUTA, it crumbles to dust.
It is a scroll of identify.
i - a scroll of immolation You now have 42 gold pieces (gained 5).
There is a stone staircase leading up here.
Jessica the Apprentice Sorceress comes into view.
She is wielding a +5 dagger of venom and wearing a +2 robe of willpower.
Jessica gestures at you while chanting.
You barely resist. Jessica hits you but does no damage.
You are poisoned.
You hit Jessica.
Jessica is moderately wounded.
You feel very sick. You block Jessica's attack.
You closely miss Jessica.
Jessica is moderately wounded.
You feel sick.
Jessica points at you and mumbles some strange words.
Pain shoots through your body!
You closely miss Jessica.
Jessica is moderately wounded.
You feel sick.
Jessica hits you with a +5 dagger of venom!
You are lethally poisoned!
Jessica casts a spell at you. Pain shoots through your body!
You feel very mighty all of a sudden.
* * * LOW HITPOINT WARNING * * *
You feel very sick. Jessica hits you but does no damage.
You closely miss Jessica.
Jessica is moderately wounded.
* * * LOW HITPOINT WARNING * * *
You feel very sick.
Jessica hits you with a +5 dagger of venom.
You die...

#.<..#
#######....#
...........#
#######....#
##<### #.#
#.# ####.#
#.@@.#
###...#
###.# .# .#
.# ##


You could see Jessica.

Vanquished Creatures
  A dart slug (D:1)
  4 ball pythons (D:1)
  5 endoplasms (D:1)
  2 giant cockroaches (D:1)
  2 goblins (D:1)
  A hobgoblin (D:1)
  3 bats (D:1)
  A frilled lizard (D:1)
  A kobold (D:1)
  2 rats (D:1)
22 creatures vanquished.

Notes
Turn   | Place    | Note
-------+----------+-------------------------------------------
     0 | D:1      | p00ps00p the Hill Orc Fighter began the quest for the Orb.
     0 | D:1      | Reached XP level 1. HP: 19/19 MP: 1/1
   357 | D:1      | Reached XP level 2. HP: 27/27 MP: 2/2
   725 | D:1      | Reached skill level 4 in Fighting
   730 | D:1      | Reached XP level 3. HP: 33/33 MP: 3/3
   919 | D:2      | Noticed Jessica
   926 | D:2      | Slain by Jessica

Illustrated notes

Levels and vault maps discovered:
D:1:      lightli_iron_boxes, layout_loops_ring, roderic_lattice_a,
          minivault_27, minmay_crystal_room, minmay_strange_pillars,
          ebering_dispersal_statue_hall
D:2:      kb_forest_paths, layout_rooms, uniq_jessica, uniq_crazy_yiuf_cottage

Skill      XL: |  1  2 |
---------------+-------+-----
Axes           | 3 |  3.3
Fighting       | 4 |  4.0
Armour         | |  3.6
Shields        | |  3.6

Action                   || total
-------------------------++-------
Melee: War axe           ||    47
  Use: Scroll            ||     2
       Potion            ||     1
Armor: Scale mail        ||     4
       Chain mail        ||    34
Dodge: Dodged            ||    18
Block: Buckler           ||     8

Table legend: (Time is in decaauts)
 A = Elapsed time spent in this place.
 B = Non-inter-level travel time spent in this place.
 C = Inter-level travel time spent in this place.
 D = Time resting spent in this place.
 E = Time spent auto-exploring this place.
 F = Levels seen in this place.
 G = Mean time per level.
                   A        B        C        D        E       F      G
               +--------+--------+--------+--------+--------+-----+--------+
         Total |    943 |    915 |     28 |      0 |    667 |   2 |  471.5 |
       Dungeon |    943 |    915 |     28 |      0 |    667 |   2 |  471.5 |
               +--------+--------+--------+--------+--------+-----+--------+

Top non-repeatable levels by time:
     D:1: 924 daAuts
     D:2: 18 daAuts
